 Dungeon Crawl Stone Soup version 0.28.0-53-g5a82cb258f (webtiles) character file.

Game seed: 7768433363217999021

4067 raph the Destroyer (level 10, 0/118 HPs)
             Began as a Red Draconian Conjurer on June 26, 2022.
             Was an Initiate of Vehumet.
             Slain by a hellwing (1 damage)
             ... on level 7 of the Dungeon.
             The game lasted 00:17:01 (10389 turns).

raph the Destroyer (Red Draconian Conjurer)        Turns: 10389, Time: 00:17:02

Health: 0/118      AC:  8    Str:  9    XL:     10   Next: 5%
Magic:  2/26       EV: 13    Int: 22    God:    Vehumet [......]
Gold:   38         SH:  4    Dex: 11    Spells: 8/18 levels left

rFire   + . .      SeeInvis .   i - +4 dagger
rCold   . . .      Faith    .   t - +0 buckler
rNeg    + . .      Spirit   .   (armour unavailable)
rPois   .          Reflect  .   (helmet restricted)
rElec   .          Harm     .   (no cloak)
rCorr   .          Rampage  .   q - +0 pair of gloves
Will    .....                   (no boots)
Stlth   ..........              (no amulet)
HPRegen 0.29/turn               j - ring of positive energy
MPRegen 0.20/turn               k - ring of magical power

@: berserking (expiring), very quick
A: breathe fire, AC +7, unfitting armour, fire resistance 1, cold-blooded
a: Breathe Fire, Renounce Religion


You were on level 7 of the Dungeon.
You worshipped Vehumet.
Vehumet was noncommittal.
You visited 1 branch of the dungeon, and saw 7 of its levels.

You collected 338 gold pieces.
You spent 300 gold pieces at shops.

Inventory:

Hand Weapons
 d - a +0 dagger
 h - a +0 long sword
 i - a +4 dagger (weapon)
Missiles
 f - 23 poisoned darts
Armour
 m - an orb of light
 q - a +0 pair of gloves (worn)
 t - a +0 buckler (worn)
Jewellery
 j - a ring of positive energy (left hand)
 k - a ring of magical power (right hand)
 u - a ring of resist corrosion
Wands
 l - a wand of flame (7)
Scrolls
 g - 3 scrolls of teleportation
 n - a scroll of fear
 o - a scroll of fog
Potions
 a - 2 potions of haste
 b - 5 potions of curing
 c - a potion of brilliance
 e - 2 potions of lignification


   Skills:
 + Level 4.2 Fighting
 + Level 4.9 Dodging
 - Level 3.0 Stealth
 + Level 3.9 Shields
 + Level 4.9 Spellcasting
 * Level 10.1 Conjurations
 - Level 5.1 Hexes


You had 8 spell levels left.
You knew the following spells:

 Your Spells              Type           Power      Damage    Failure   Level
a - Magic Dart            Conj           100%       1d8       1%          1
b - Searing Ray           Conj           100%       2d8       1%          2
c - Dazzling Flash        Conj/Hex       78%        N/A       1%          3
d - Fulminant Prism       Conj/Hex       19%        3d11      5%          4

Your spell library contained the following spells:

 Spells                   Type           Power      Damage    Failure   Level
 Animate Skeleton         Necr           10%        N/A       13%         1
 Pain                     Necr           20%        1d5       13%         1
 Iskenderun's Mystic Bla  Conj/Tloc      27%        2d7       16%         4
 Vampiric Draining        Necr           5%         2d6       36%         3
 Malign Gateway           Summ/Tloc      2%         N/A       100%        7
 Summon Horrible Things   Summ           2%         N/A       100%        8


Dungeon Overview and Level Annotations

Branches:
Dungeon (7/15)             Temple (0/1) D:7

Altars:
Vehumet

Shops:
D:6 =


Innate Abilities, Weirdness & Mutations

You can breathe blasts of fire.
Your fiery red scales are hard. (AC +7)
You cannot fit into any form of body armour.
Your flesh is heat resistant. (rF+)
You are cold-blooded and may be slowed by cold attacks.


Message History

Okay, then.
Okay, then.
Okay, then.
A red film seems to cover your vision as you go berserk!
You feel yourself moving faster!
You feel mighty!
The hellwing hits you but does no damage.
The hellwing misses you.
You closely miss the hellwing.
The hellwing is heavily wounded.
You hit the hellwing but do no damage.
The hellwing is heavily wounded.
The hellwing hits you.
* * * LOW HITPOINT WARNING * * *
The hellwing misses you.
You hit the hellwing.
The hellwing is heavily wounded.
The hellwing hits you.
* * * LOW HITPOINT WARNING * * *
The hellwing misses you.
You hit the hellwing.
You tail-slap the hellwing, but do no damage.
The hellwing is severely wounded.
You barely miss the hellwing.
The hellwing is severely wounded.
The hellwing hits you!
* * * LOW HITPOINT WARNING * * *
The hellwing closely misses you.
You hit the hellwing.
Your tail-slap misses the hellwing.
The hellwing is severely wounded.
The hellwing hits you.
* * * LOW HITPOINT WARNING * * *
The hellwing closely misses you.
You hit the hellwing but do no damage.
The hellwing is severely wounded.
You puncture the hellwing!
The hellwing is almost dead.
The hellwing hits you.
* * * LOW HITPOINT WARNING * * *
The hellwing hits you.
You die...

......#..#............# #
......#...)...........#########
#
.....#..#.............).......#
.......##..............#.......
.....###...............#######.
....# #..............## 8..8##
#..............#
.5...###........4.....#
................@....##
.......###...........# ....P..#
##.........## .......#
#.........# .......#
##........# ......## ##......##
.....8# ##.....# 8...P.#
####### .....8#


You could see a hellwing.

Vanquished Creatures
  A wolf spider zombie (D:7)
  4 centaur zombies (D:7)
  3 centaur skeletons (D:7)
  A kobold demonologist (D:6)
  Grinder (D:3)
  An orc warrior (D:6)
  A sky beast (D:7)
  An ice beast (D:6)
  An ogre (D:5)
  A necrophage (D:5)
  A kobold brigand (D:6)
  A scorpion (D:6)
  A water moccasin skeleton (D:6)
  A jelly (D:5)
  3 bullfrog zombies (D:6)
  3 hounds
  2 iguanas
  4 orc wizards
  2 killer bee zombies
  A howler monkey zombie (D:5)
  Robin (D:2)
  A howler monkey skeleton (D:4)
  6 adders
  4 shadow imps (D:7)
  A white imp (D:6)
  3 worms
  2 dart slugs
  16 orcs
  3 endoplasms (D:2)
  6 giant cockroaches
  12 goblins
  12 hobgoblins
  4 quokkas
  2 ball pythons (D:2)
  6 bats
  7 frilled lizards
  12 kobolds
  A quokka skeleton (D:4)
  2 rats
135 creatures vanquished.

Vanquished Creatures (others)
  11 fulminant prisms
  A plant (D:4)
  14 withered plants (D:7)
26 creatures vanquished.

Grand Total: 161 creatures vanquished

Notes
Turn   | Place    | Note
-------+----------+-------------------------------------------
     0 | D:1      | raph the Draconian Conjurer began the quest for the Orb.
     0 | D:1      | Reached XP level 1. HP: 14/14 MP: 3/3
    52 | D:1      | Found a faded altar of an unknown god.
   380 | D:1      | Reached XP level 2. HP: 20/20 MP: 0/5
  1259 | D:1      | Learned a level 2 spell: Searing Ray
  1612 | D:2      | Reached XP level 3. HP: 26/26 MP: 2/6
  2477 | D:2      | Reached XP level 4. HP: 27/33 MP: 0/7
  2485 | D:2      | Noticed Robin
  2533 | D:2      | Killed Robin
  2651 | D:1      | Learned a level 3 spell: Dazzling Flash
  3094 | D:3      | Reached skill level 5 in Conjurations
  3171 | D:3      | Reached XP level 5. HP: 38/38 MP: 4/9
  3530 | D:3      | Noticed Grinder
  5071 | D:4      | Noticed a black bear
  5178 | D:4      | Learned a level 4 spell: Fulminant Prism
  5269 | D:5      | Entered Level 5 of the Dungeon
  5395 | D:5      | Noticed an ogre
  5407 | D:5      | Killed an ogre
  5408 | D:5      | Reached skill level 1 in Hexes
  5408 | D:5      | Reached XP level 6. HP: 34/45 MP: 2/10
  5659 | D:5      | Reached skill level 6 in Conjurations
  6190 | D:5      | Your scales start taking on a fiery red colour.
  6190 | D:5      | Reached XP level 7. HP: 42/50 MP: 2/11
  6190 | D:5      | Gained mutation: Your flesh is heat resistant. (rF+) [Red
                  | Draconian growth]
  7013 | D:6      | Reached skill level 7 in Conjurations
  7193 | D:6      | Noticed a kobold demonologist
  7199 | D:6      | Killed a kobold demonologist
  7200 | D:6      | Reached XP level 8. HP: 57/57 MP: 0/12
  7716 | D:6      | Reached skill level 8 in Conjurations
  7716 | D:6      | Reached skill level 5 in Hexes
  8002 | D:6      | Found Sorru's Jewellery Shop.
  8330 | D:3      | Found a radiant altar of Vehumet.
  8336 | D:3      | Became a worshipper of Vehumet
  8524 | D:3      | Paralysed by Grinder for 5 turns
  8536 | D:3      | Killed Grinder
  8537 | D:3      | Reached skill level 1 in Fighting
  8537 | D:3      | Reached skill level 1 in Shields
  8777 | D:6      | Bought a ring of magical power for 300 gold pieces
  8992 | D:7      | Found a staircase to the Ecumenical Temple.
  9420 | D:7      | Reached XP level 9. HP: 51/67 MP: 13/14
  9586 | D:7      | Reached skill level 9 in Conjurations
  9698 | D:7      | Noticed a hellwing
 10349 | D:7      | Reached skill level 10 in Conjurations
 10353 | D:7      | Reached XP level 10. HP: 60/79 MP: 12/17
 10387 | D:7      | HP: 4/118 [hellwing (6)]
 10389 | D:7      | HP: 1/118 [hellwing (3)]
 10389 | D:7      | Slain by a hellwing

Illustrated notes

Levels and vault maps discovered:
D:1:      dpeg_arrival_lava_temple_mockup, layout_basic,
          hellmonk_ecumenical_altar_zigzags
D:2:      layout_basic, uniq_robin
D:3:      layout_rooms, general_overflow_altar, uniq_grinder
D:4:      layout_loops_ring, serial_forest, infiniplex_forest_straight_3,
          infiniplex_forest_lined_3, infiniplex_forest_clump_cross,
          infiniplex_forest_corner_1, infiniplex_forest_zigzag_1,
          infiniplex_forest_corner_1, infiniplex_forest_end_1,
          infiniplex_forest_end_1, infiniplex_forest_zigzag_1,
          infiniplex_forest_straight_2, kennysheep_generic_room_5
D:5:      layout_basic
D:6:      layout_rooms, serial_shops, shop, serial_undead, serial_undead_e,
          serial_undead_d, serial_undead_c, serial_undead_f, water_maze_lemuel
D:7:      cheibrodos_grave_circle, layout_cave_pods,
          minmay_temple_entry_stoned_glass

Skill      XL: |  1  2  3  4  5  6  7  8  9 |
---------------+----------------------------+-----
Stealth        | 2 3 |  3.0
Dodging        | 2 3 4 |  4.9
Conjurations   | 5 6 7 8 10 | 10.1
Spellcasting   | 3 4 |  4.9
Hexes          | 1 2 4 5 |  5.1
Fighting       | 2 4 |  4.2
Shields        | 1 3 |  3.9

Action                   |  1- 3 |  4- 6 |  7- 9 | 10-12 || total
-------------------------+-------+-------+-------+-------++-------
Melee: Unarmed           |     2 |       |       |       ||     2
       Dagger            |     2 |    14 |    30 |    11 ||    57
       Long sword        |     5 |       |       |       ||     5
       Tailslap          |       |     1 |     2 |     2 ||     5
 Cast: Magic Dart        |    69 |    32 |    40 |     3 ||   144
       Searing Ray       |    10 |    30 |    36 |     2 ||    78
       Dazzling Flash    |       |     1 |       |       ||     1
       Fulminant Prism   |       |       |    10 |     1 ||    11
 Abil: Breathe Fire      |       |       |    14 |     1 ||    15
Evoke: Wand              |       |       |     3 |     1 ||     4
  Use: Scroll            |     5 |     9 |     3 |       ||    17
       Potion            |       |       |     2 |     1 ||     3
Armor: Skin              |     8 |    16 |    61 |     7 ||    92
Dodge: Dodged            |    14 |    32 |    78 |    25 ||   149
Block: Buckler           |       |       |    12 |     2 ||    14
